Map: [ESL] Ancient Cistern

Players

Cheoklate

  • Race: Terran Terran
  • Spawn Location: 1:00

Eleven - Winner!

  • Race: Zerg Zerg
  • League: Master
  • Spawn Location: 7:00

VOD

Have the link to the VOD?

Description

ZvT one base swarm host nydus

Time

  • Played on: Feb. 17, 2023, 8:15 p.m.
  • Length: 7:25
Show
View Real Time Build Order
Export as new Build Order

Cheoklate Terran 

Build Orders: Reaper Expand 

Get SALT Encoding   

  12  0:00  SCV  
  13  0:12  SCV  
  14  0:19  Supply Depot  
  14  0:25  SCV  
  15  0:40  SCV  
  15  0:42  Barracks  
  16  0:45  Refinery  
  16  0:53  SCV  
  17  1:05  SCV  
  18  1:17  SCV  
  19  1:29  Reaper  
  19  1:30  Orbital Command  
  20  1:39  Command Center  
  20  1:56  Supply Depot, SCV  
  21  2:01  Marine  
  22  2:10  Command Center  
  22  2:14  Factory  
  22  2:23  Barracks Reactor  
  22  2:28  Bunker  
  22  2:30  SCV  
  23  2:42  SCV  
  24  2:49  Refinery  
  24  2:54  SCV  
  25  2:59  Factory Tech Lab  
  25  3:01  Marine x2  
  27  3:06  SCV  
  28  3:18  SCV  
  29  3:21  Starport  
  29  3:23  Orbital Command  
  29  3:30  SCV  
  30  3:35  Cyclone  
  30  3:41  Barracks Tech Lab, Orbital Command  
  33  3:42  SCV  
  34  3:54  SCV  
  35  4:06  SCV  
  35  4:09  SCV  
  37  4:12  Banshee  
  40  4:19  SCV  
  40  4:21  SCV  
  42  4:31  SCV  
  40  4:33  SCV  
  41  4:40  Starport  
  41  4:55  SCV x2  
  46  5:10  Refinery  
  46  5:11  Refinery  
  46  5:19  Starport Tech Lab  
  46  5:26  Marine  
  46  5:28  Supply Depot  
  46  5:29  Supply Depot  
  46  5:33  SCV x2  
  45  5:42  Cyclone  
  43  5:44  Marine  
  43  5:45  SCV  
  48  5:52  Starport  
  46  5:58  SCV x2  
  44  6:15  SCV  
  44  6:16  Starport, SCV  
  45  6:19  Command Center  
  40  6:27  SCV  
  40  6:28  SCV  
  42  6:35  Cyclone  
  46  6:40  SCV x2  
  47  6:52  SCV x2  
  42  7:04  SCV x2  
Show
View Real Time Build Order
Export as new Build Order

Eleven Zerg - Winner!

Build Orders: Pool First, Swarm Host 

Get SALT Encoding   

  12  0:00  Drone  
  13  0:23  Spawning Pool  
  13  0:25  Drone  
  13  0:29  Drone  
  14  0:38  Overlord  
  14  0:42  Extractor  
  13  0:44  Drone  
  14  0:57  Drone  
  14  0:58  Drone  
  16  1:10  Zergling x2, Queen  
  19  1:19  Drone  
  20  1:30  Drone  
  20  1:32  Extractor  
  20  1:40  Overlord  
  20  1:49  Lair  
  20  2:02  Drone  
  20  2:03  Drone  
  22  2:16  Drone  
  22  2:22  Drone x3  
  26  2:32  Drone  
  27  2:49  Infestation Pit  
  26  2:52  Nydus Network, Queen  
  26  2:54  Drone  
  28  2:59  Overlord  
  28  3:03  Spine Crawler  
  27  3:25  Swarm Host x3  
  36  3:38  Overlord  
  36  3:39  Overlord  
  36  3:41  Queen  
  38  3:53  Nydus Canal  
  38  3:58  Swarm Host  
  41  4:06  Swarm Host  
  43  4:27  Swarm Host  
  43  4:28  Overlord  
  46  4:38  Nydus Canal  
  46  4:40  Queen  
  48  4:49  Swarm Host  
  48  4:52  Spore Crawler  
  50  5:02  Nydus Canal  
  50  5:16  Queen, Swarm Host  
  55  5:42  Overlord x2  
  53  6:16  Swarm Host x3  
  62  6:32  Nydus Canal  
  62  6:33  Swarm Host  
  62  6:34  Queen  
  67  6:48  Nydus Canal  
  67  6:51  Hatchery  
Tags
 
Add a new tag
Caveats
  • Supply blocks, unpowered buildings, or Contaminate may cause inaccurate times.
  • Supply counts are checked every 10 seconds.